 Dungeon Sprint DCSS version 0.21-a0-349-g0c35859 (webtiles) character file.

18 Kidiri the Cudgeler (level 2, -3/37 HPs)
             Began as a Draconian Gladiator on Oct 8, 2017.
             Was a Believer of Trog.
             Slain by a wolf (10 damage)
             ... in the Dungeon (Sprint VII: "The Pits").
             The game lasted 00:01:24 (360 turns).

Kidiri the Cudgeler (Draconian Gladiator)            Turns: 360, Time: 00:01:25

Health: -3/37      AC:  4    Str: 21    XL:     2   Next: 48%
Magic:  2/2        EV: 13    Int:  8    God:    Trog [**....]
Gold:   0          SH:  0    Dex: 12    Spells: 1/1 levels left

rFire    . . .     SeeInvis .   a - +2 mace
rCold    . . .     Gourm    .   (no shield)
rNeg     . . .     Faith    .   (armour unavailable)
rPois    .         Spirit   .   b - +0 hat
rElec    .         Reflect  .   (no cloak)
rCorr    .         Harm     .   (no gloves)
MR       .....     NoTele   +   (no boots)
Stlth    ..........             (no amulet)
HPRegen  0.12/turn              (no ring)
MPRegen  0.08/turn              (no ring)

@: berserking, very quick
A: unfitting armour, cold-blooded, AC +4
a: Berserk, Trog's Hand, Burn Spellbooks, Renounce Religion


You were in the Dungeon.
You worshipped Trog.
Trog was pleased with you.
You were not hungry.

You visited 1 branch

Inventory:

Hand Weapons
 a - a +2 mace (weapon)
Missiles
 c - 3 throwing nets (quivered)
Armour
 b - a +0 hat (worn)
Scrolls
 j - a scroll of blinking
 m - 3 scrolls of remove curse
 n - 5 scrolls of amnesia
 o - a scroll of summoning
Potions
 e - a potion of curing
 g - a potion of haste
 h - 4 potions of magic
 i - 3 potions of berserk rage
 l - 2 potions of invisibility
Comestibles
 d - 8 bread rations
 p - 40 fruits
 q - 7 meat rations


   Skills:
 + Level 2.9 Fighting
 + Level 4.4 Maces & Flails
 + Level 2.1 Throwing
 + Level 3.8 Dodging
 + Level 1.0 Stealth


You had one spell level left.
You didn't know any spells.

Dungeon Overview and Level Annotations

Branches:
Dungeon (1/1)

Altars:
Ashenzari
Cheibriados
Dithmenos
Elyvilon
Fedhas
Gozag
Hepliaklqana
Kikubaaqudgha
Makhleb
Nemelex Xobeh
Okawaru
Qazlal
Ru
Sif Muna
Trog
Uskayaw
Vehumet
Wu Jian
Xom
Yredelemnul
Zin
The Shining One
Beogh
Jiyva
Lugonu


Innate Abilities, Weirdness & Mutations

Your plain brown scales are hard. (AC +4)
You cannot fit into any form of body armour.
You are cold-blooded and may be slowed by cold attacks.


Message History

You hear an angry hiss.
The wolf misses you.
Unknown command.
You miss the wolf.
The wolf is severely wounded.
The wolf completely misses you.
An adder comes into view.
Unknown command.
You miss the wolf.
The wolf is severely wounded.
The wolf barely misses you. The wolf misses you.
Unknown command.
You miss the wolf.
The wolf is severely wounded.
The orc barely misses you. The wolf barely misses you.
Unknown command.
You miss the wolf.
The wolf is severely wounded.
The wolf bites you!
You die...

##########+##..........
#.?(.+)))+.##......#..#
##########.##..........
#...........'..........
#+#####'#####......#..#
#.....# #..........
#.....# ####+#####+
###'### #.......#
#...@.# #.......#
#..Sho# #.......#
####'## #...<...# ...
#.......# ....o
#.......# #######
#.......# #########


You could see a wolf, an adder and an orc.

Vanquished Creatures
  A river rat (D)
  A giant cockroach (D)
  4 jackals (D)
  A quokka (D)
  A ball python skeleton (D)
8 creatures vanquished.

Notes
Turn   | Place    | Note
-------+----------+-------------------------------------------
     0 | D        | Kidiri the Draconian Gladiator began the quest for the Orb.
     0 | D        | Reached XP level 1. HP: 17/17 MP: 1/1
    56 | D        | Found a bloodstained altar of Trog.
    56 | D        | Found a deep blue altar of Sif Muna.
    56 | D        | Found a viscous altar of Jiyva.
    56 | D        | Found a hazy altar of Hepliaklqana.
    56 | D        | Found an opulent altar of Gozag.
    57 | D        | Found a glowing golden altar of the Shining One.
    57 | D        | Found a glowing silver altar of Zin.
    57 | D        | Found a basalt altar of Yredelemnul.
    57 | D        | Found a shimmering altar of Xom.
    57 | D        | Found an ornate altar of the Wu Jian Council.
    57 | D        | Found a sacrificial altar of Ru.
    57 | D        | Found a stormy altar of Qazlal.
    57 | D        | Found an iron altar of Okawaru.
    57 | D        | Found a sparkling altar of Nemelex Xobeh.
    57 | D        | Found a burning altar of Makhleb.
    57 | D        | Found a blossoming altar of Fedhas.
    57 | D        | Found a white marble altar of Elyvilon.
    57 | D        | Found a shadowy altar of Dithmenos.
    57 | D        | Found a snail-covered altar of Cheibriados.
    60 | D        | Found a corrupted altar of Lugonu.
    60 | D        | Found a radiant altar of Vehumet.
    60 | D        | Found a roughly hewn altar of Beogh.
    61 | D        | Became a worshipper of Trog the Wrathful
    62 | D        | Found an ancient bone altar of Kikubaaqudgha.
    62 | D        | Found a hide-covered altar of Uskayaw.
    62 | D        | Found a shattered altar of Ashenzari.
    91 | D        | Reached * piety under Trog
    93 | D        | Reached XP level 2. HP: 22/25 MP: 2/2
   151 | D        | Reached ** piety under Trog
   151 | D        | Reached skill level 4 in Maces & Flails
   152 | D        | Reached skill level 1 in Stealth
   351 | D        | Noticed a wolf
   360 | D        | Slain by a wolf

Vault maps used:
D:        pitsprint

Skill      XL: |  1  2 |
---------------+-------+-----
Dodging        | 3 |  3.8
Throwing       | 2 |  2.1
Maces & Flails | 4 |  4.4
Stealth        | 1 |  1.0
Fighting       | |  2.9

Action                   || total
-------------------------++-------
Melee: Mace              ||    42
       Flail             ||     2
       Tailslap          ||     3
Invok: Berserk           ||     2
  Use: Potion            ||     1
 Stab: Sleeping          ||     1
Armor: Skin              ||    12
Dodge: Dodged            ||    54

Table legend:
 A = Spawn XP
 B = Non-spawn XP
 C = Spawn XP percentage of total XP
 D = Spawn monster count
 E = Non-spawn monster count
 F = Spawn count percentage of total count
 G = Total turns spent on level
                    A         B        C        D         E        F      G
               +---------+---------+-------+---------+---------+-------+---------
         Total |       0 |      26 |   0.0 |       0 |       8 |   0.0 |   360
               +---------+---------+-------+---------+---------+-------+---------
             D |       0 |      26 |   0.0 |       0 |       8 |   0.0 |   360
               +---------+---------+-------+---------+---------+-------+---------
